 Dungeon Crawl Stone Soup version 0.29.1-1-gd02db6906a (webtiles) character file.

Game seed: 10215321094371435563

2 inkode the Magician (level 1, 0/10 HPs)
             Began as a Tengu Hedge Wizard on Sept 19, 2022.
             Slain by a kobold
             ... wielding a +0 short sword
              (3 damage)
             ... on level 1 of the Dungeon.
             The game lasted 00:02:04 (97 turns).

inkode the Magician (Tengu Hedge Wizard)              Turns: 97, Time: 00:02:05

Health: 0/10       AC:  2    Str: 10    XL:     1   Next: 40%
Magic:  5/5        EV: 12    Int: 14    God:
Gold:   10         SH:  0    Dex: 13    Spells: 5/6 levels left

rFire   . . .      SeeInvis .   e - +0 hand axe
rCold   . . .      Faith    .   (no shield)
rNeg    . . .      Spirit   .   b - +0 robe
rPois   .          Reflect  .   c - +0 hat
rElec   .          Harm     .   (no cloak)
rCorr   .          Rampage  .   (no gloves)
Will    .....                   (boots unavailable)
Stlth   ++........              (no amulet)
HPRegen 0.03/turn               (no ring)
MPRegen 0.09/turn               (no ring)

@: no status effects
A: beak, talons 3
a: no special abilities


You were on level 1 of the Dungeon.
You visited 1 branch of the dungeon, and saw 1 of its levels.

You collected 10 gold pieces.

Inventory:

Hand Weapons
 a - a +0 dagger
 e - a +0 hand axe (weapon)
Armour
 b - a +0 robe (worn)
 c - a +0 hat (worn)
Scrolls
 f - a scroll of magic mapping {unknown}
Potions
 d - a potion of magic


   Skills:
 + Level 2.3 Dodging
 + Level 2.0 Stealth
 + Level 3.0 Spellcasting
 + Level 1.3 Conjurations
 + Level 1.2 Summonings
 + Level 0.7 Translocations


You had 5 spell levels left.
You knew the following spells:

 Your Spells              Type           Power      Damage    Failure   Level
a - Magic Dart            Conj           20%        1d4       12%         1

Your spell library contained the following spells:

 Spells                   Type           Power      Damage    Failure   Level
 Call Imp                 Summ           5%         N/A       21%         2
 Slow                     Hex            8%         N/A       22%         1
 Blink                    Tloc           8%         N/A       24%         2
 Conjure Flame            Conj/Fire      4%         6-21      43%         3
 Mephitic Cloud           Conj/Pois/Air  3%         N/A       47%         3


Dungeon Overview and Level Annotations

Branches:
Dungeon (1/15)

Altars:


Innate Abilities, Weirdness & Mutations

You have a beak for a mouth.
You have claws for feet.


Message History

e - a +0 hand axe
There are no items here.
e - a +0 hand axe (weapon)
You open the door.
There is an open door here.
Found a scroll labelled ETRAPH JOTZEKU and 10 gold pieces.
Found a stone staircase leading down.
f - a scroll labelled ETRAPH JOTZEKU A quokka comes into view.
You see here 10 gold pieces.
A quokka comes into view.
You now have 10 gold pieces.
Unknown command.
Unknown command.
The quokka misses you.
You hit the quokka. Your peck misses the quokka.
The quokka is severely wounded.
The quokka closely misses you. The quokka bites you.
You closely miss the quokka. Your kick misses the quokka.
Your peck misses the quokka.
The quokka is severely wounded.
The quokka barely misses you.
You hit the quokka.
You kill the quokka!
A kobold comes into view. It is wielding a +0 short sword.
A goblin comes into view. It is wielding a +0 dagger.
The quokka closely misses you.
You closely miss the quokka. You claw the quokka, but do no damage.
The kobold shouts!
A ball python comes into view.
The quokka bites you.
The ball python hisses angrily.
You hit the quokka.
You kill the quokka!
The kobold hits you with a +0 short sword.
* * * LOW HITPOINT WARNING * * *
You completely miss the kobold. You closely miss the ball python.
The ball python closely misses you. The ball python misses you.
The kobold hits you with a +0 short sword.
You die...

#.#.##.#....#.##.
#.#....#.#..#....
#.....##.#..#####
######.#..#.##
#>............
#.##.#.#.#####
####....#.#...
#.............#
#...@####.#.....
#..SK####.#######
#......##.#
#.....g##+#
#......†......
#.............
#.............
#.............
#.............


You could see a goblin, a ball python and a kobold.

Vanquished Creatures
  2 quokkas (D:1)
2 creatures vanquished.

Notes
Turn   | Place    | Note
-------+----------+-------------------------------------------
     0 | D:1      | inkode the Tengu Hedge Wizard began the quest for the Orb.
     0 | D:1      | Reached XP level 1. HP: 10/10 MP: 5/5
    97 | D:1      | Slain by a kobold

Illustrated notes

Levels and vault maps discovered:
D:1:      amcnicky_arrival_single_pillar, layout_basic, serial_corexii_hall,
          corexii_hall_statues_deadend, corexii_hall_statues_deadend,
          minmay_domino_2

Action                   || total
-------------------------++-------
Melee: Hand axe          ||     6
       Kick              ||     1
Dodge: Dodged            ||     6
